 Dungeon Crawl Stone Soup version 0.24.0-37-gcf1ca852f1 (webtiles) character file.

Game seed: 1535339909024799510, levelgen mode: deterministic

810 Amplified the Skirmisher (level 7, -8/78 HPs)
             Began as an Ogre Hunter on Dec 2, 2019.
             Was an Initiate of Makhleb.
             Mangled by a water moccasin (9 damage)
             ... on level 6 of the Dungeon.
             The game lasted 00:09:22 (6819 turns).

Amplified the Skirmisher (Ogre Hunter)              Turns: 6819, Time: 00:09:23

Health: -8/78      AC:  4    Str: 21    XL:     7   Next: 92%
Magic:  11/11      EV: 10    Int: 12    God:    Makhleb [......]
Gold:   382        SH:  0    Dex:  9    Spells: 12/12 levels left

rFire    + . .     SeeInvis .   p - +0 rapier
rCold    . . .     Gourm    .   (no shield)
rNeg     . . .     Faith    .   b - +1 robe
rPois    .         Spirit   .   (helmet restricted)
rElec    .         Reflect  .   (no cloak)
rCorr    .         Harm     .   (gloves unavailable)
MR       .....     Clarity  +   (boots unavailable)
Stlth    +.........             (no amulet)
HPRegen  0.23/turn              m - ring of protection from fire
MPRegen  0.12/turn              (no ring)

@: lethally poisoned (-8 -> -76)
A: large, unfitting armour, clarity, strong 1, tough skin 1
a: Renounce Religion


You were on level 6 of the Dungeon.
You worshipped Makhleb.
Makhleb was noncommittal.
You were not hungry.

You visited 1 branch of the dungeon, and saw 7 of its levels.

You collected 382 gold pieces.

Inventory:

Hand Weapons
 a - a +0 short sword
 l - a +3 hand axe
 p - a +0 rapier (weapon)
Missiles
 k - 2 poisoned darts (quivered)
Armour
 b - a +1 robe (worn)
Jewellery
 m - a ring of protection from fire (left hand)
 n - a cursed ring of teleportation {unknown}
Wands
 j - a wand of digging (5)
 q - a wand of flame (21)
Scrolls
 d - a scroll of identify
 e - 2 scrolls of immolation
 g - 4 scrolls of remove curse
 h - a scroll of enchant weapon {unknown}
 i - a scroll of enchant armour
 o - a scroll of noise
 t - a scroll of blinking
 u - a scroll of fear
Potions
 s - 2 potions of flight
Comestibles
 f - 7 rations


   Skills:
 * Level 7.0 Fighting
 * Level 6.3 Throwing
 - Level 1.7 Dodging
 - Level 0.6 Stealth
 - Level 3.2 Spellcasting
 * Level 3.8 Invocations


You had 12 spell levels left.
You didn't know any spells.
Your spell library was empty.

Dungeon Overview and Level Annotations

Branches:
Dungeon (7/15)             Temple (0/1) D:4

Altars:
Cheibriados
Dithmenos
Elyvilon
Makhleb
Nemelex Xobeh
Qazlal
Wu Jian
Yredelemnul
The Shining One

Annotations:
D:5 Dowan, Duvessa, Prince Ribbit


Innate Abilities, Weirdness & Mutations

You are too large for most types of armour.
You have tough skin. (AC +1)
You possess an exceptional clarity of mind.
Your muscles are strong. (Str +2)


Message History

You throw a large rock.
The large rock barely misses the water moccasin.
The large rock barely misses the sky beast.
You feel extremely sick. The water moccasin bites you!
* * * LOW HITPOINT WARNING * * *
You are more poisoned.
The water moccasin poisons you! The water moccasin bites you!
* * * LOW HITPOINT WARNING * * *
You are more poisoned.
The water moccasin poisons you!
Throwing (i - inventory. (/) - cycle)
c - a large rock (quivered)
Press: ? - help, Shift-Dir - straight line, f/p - water moccasin
Aim: a water moccasin You throw a large rock.
The large rock hits the water moccasin!
The water moccasin is severely wounded.
* * * LOW HITPOINT WARNING * * *
You feel extremely sick. The water moccasin bites you!
You die...

#.# #...<................ #.#
#.##(####.......#.... #.##
##.##.# #.......#.... #..#
#..##.# #########.... ##..##
##...#.# #....
#....#.#....#.############....
#............Y................
#.#.......[.#S###############.
#..........##@# #.
#....#.#...##.# ##
#...##.##..##.# #...#
..#..##.############ ### #..#
..##.##>................ #..#
#.######.############ #..# #.#
#.# #..# #.######.# #..#
#......#.#


You could see a water moccasin and a sky beast.

Vanquished Creatures
  A sky beast (D:6)
  2 phantoms
  A bullfrog (D:6)
  A wight (D:6)
  A crimson imp (D:5)
  A centaur skeleton (D:4)
  4 hounds
  A bullfrog skeleton (D:5)
  3 worker ants
  A mummy (D:6)
  5 adders
  An adder skeleton (D:5)
  3 worms
  4 dart slugs
  A leopard gecko (D:1)
  An orc (D:4)
  5 bats
  4 giant cockroaches
  6 goblins
  14 hobgoblins
  4 quokkas
  12 frilled lizards
  7 kobolds
  8 rats
  A butterfly (D:4)
92 creatures vanquished.

Vanquished Creatures (others)
  A giant cockroach (D:4)
1 creature vanquished.

Grand Total: 93 creatures vanquished

Notes
Turn   | Place    | Note
-------+----------+-------------------------------------------
     0 | D:1      | Amplified the Ogre Hunter began the quest for the Orb.
     0 | D:1      | Reached XP level 1. HP: 22/22 MP: 1/1
   501 | D:1      | Reached skill level 3 in Fighting
   501 | D:1      | Reached XP level 2. HP: 25/31 MP: 1/3
   883 | D:1      | Reached skill level 1 in Spellcasting
  1457 | D:2      | Reached XP level 3. HP: 33/37 MP: 5/5
  2304 | D:2      | Reached XP level 4. HP: 47/48 MP: 7/7
  2417 | D:2      | Reached skill level 4 in Fighting
  3843 | D:3      | Found a burning altar of Makhleb.
  3855 | D:3      | Became a worshipper of Makhleb the Destroyer
  3861 | D:3      | Noticed a phantom
  3884 | D:4      | HP: 2/48 [worker ant (7)]
  3911 | D:3      | Killed a phantom
  3911 | D:3      | Reached skill level 5 in Throwing
  3911 | D:3      | Reached XP level 5. HP: 35/55 MP: 7/9
  4188 | D:3      | Found a white marble altar of Elyvilon.
  4239 | D:3      | Reached skill level 5 in Fighting
  4239 | D:3      | Reached XP level 6. HP: 41/66 MP: 10/10
  4487 | D:4      | Reached skill level 1 in Invocations
  4504 | D:4      | Found a staircase to the Ecumenical Temple.
  4505 | D:4      | Noticed a phantom
  4873 | D:4      | Found a basalt altar of Yredelemnul.
  4875 | D:4      | Noticed a profane servitor
  4895 | D:4      | Found a glowing golden altar of the Shining One.
  4921 | D:4      | Killed a phantom
  5003 | D:4      | Reached XP level 7. HP: 53/74 MP: 11/11
  5130 | D:4      | Noticed an angel
  5163 | D:5      | Entered Level 5 of the Dungeon
  5169 | D:5      | Found a stormy altar of Qazlal.
  5216 | D:5      | Reached skill level 6 in Fighting
  5239 | D:5      | Noticed Prince Ribbit
  5246 | D:5      | You fall into a shaft and drop 2 floors!
  5246 | D:7      | Found a sparkling altar of Nemelex Xobeh.
  5863 | D:6      | Found a snail-covered altar of Cheibriados.
  6426 | D:5      | Noticed Dowan
  6447 | D:5      | Found a shadowy altar of Dithmenos.
  6448 | D:5      | Found an ornate altar of the Wu Jian Council.
  6501 | D:5      | Noticed Duvessa
  6711 | D:6      | Reached skill level 7 in Fighting
  6817 | D:6      | Gained mutation: You possess an exceptional clarity of
                  | mind. [potion of mutation]
  6817 | D:6      | Gained mutation: Your muscles are strong. (Str +2) [potion
                  | of mutation]
  6819 | D:6      | HP: 1/78 [poisoned by a water moccasin]
  6819 | D:6      | Mangled by a water moccasin

Levels and vault maps discovered:
D:1:      matt_arrival_spirals, layout_loops_ring, minmay_vboxes
D:2:      layout_basic
D:3:      layout_loops_ring, lemuel_coloured_pillars_altar,
          overflow_temple_1_default, first_ration,
          hangedman_decor_clover_reticule
D:4:      layout_rooms, grunt_temple_overflow_holy_war,
          minmay_temple_entry_butterflies
D:5:      layout_rooms, zin_angel, grunt_qazlal_sundering, minitemple,
          gup_sewer_entry_bowl, uniq_prince_ribbit1, uniq_duvessa
D:6:      layout_basic, slow_altar_2, chequers_serial_rivers_room_a,
          minmay_fire_ice_demons
D:7:      layout_loops_cross, bloody_trog, overflow_temple_1_default,
          nemelex_xobeh_ov_fountains_minmay, nicolae_ru_path_of_blood

Skill      XL: |  1  2  3  4  5  6  7 |
---------------+----------------------+-----
Fighting       | 3 4 5 7 |  7.0
Spellcasting   | 1 2 3 |  3.2
Throwing       | 5 6 |  6.3
Invocations    | 2 3 |  3.8
Dodging        | |  1.7
Stealth        | |  0.6

Action                   |  1- 3 |  4- 6 |  7- 9 || total
-------------------------+-------+-------+-------++-------
Melee: Short sword       |   147 |   179 |     9 ||   335
       Rapier            |       |       |    56 ||    56
Throw: Large rock        |     9 |    10 |    22 ||    41
       Throwing net      |     5 |     3 |       ||     8
       Dart              |       |       |     2 ||     2
Evoke: Wand              |       |     3 |       ||     3
  Use: Potion            |     7 |     5 |     2 ||    14
       Scroll            |     5 |     6 |     4 ||    15
 Stab: Sleeping          |     2 |     1 |       ||     3
       Held in net/web   |     1 |       |       ||     1
  Eat: Chunk             |     1 |     4 |     3 ||     8
       Ration            |     1 |     1 |     2 ||     4
Armor: Robe              |    51 |    62 |    28 ||   141
       Skin              |       |       |     1 ||     1
Dodge: Dodged            |   107 |   119 |    45 ||   271
